 Dungeon Crawl Stone Soup version 0.29.1-15-g9cfb28693d (webtiles) character file.

Game seed: 12137705330712960123

1305 Barriton the Conjurer (level 8, -4/58 HPs)
             Began as a Purple Draconian Conjurer on Apr 24, 2023.
             Slain by Pikel
             ... wielding a +1 whip of freezing
              (9 damage)
             ... on level 7 of the Dungeon.
             The game lasted 00:10:57 (6697 turns).

Barriton the Conjurer (Purple Draconian Conjurer)   Turns: 6697, Time: 00:10:57

Health: -4/58      AC:  8    Str: 10    XL:     8   Next: 31%
Magic:  1/17       EV: 12    Int: 21    God:
Gold:   425        SH:  0    Dex:  9    Spells: 16/19 levels left

rFire   + . .      SeeInvis .   p - staff of conjuration
rCold   x . .      Faith    .   (no shield)
rNeg    . . .      Spirit   .   (body armour unavailable)
rPois   .          Reflect  .   (helmet restricted)
rElec   .          Harm     .   (no cloak)
rCorr   .          Rampage  .   k - +0 pair of gloves
Will    +....                   (no boots)
Stlth   ++........              (no amulet)
HPRegen 0.19/turn               f - ring of fire
MPRegen 0.15/turn               (no ring)

@: no status effects
A: breathe power, AC +6, unfitting armour, cold-blooded, hooves 1, shaggy fur 1
a: Breathe Dispelling Energy


You were on level 7 of the Dungeon.
You visited 1 branch of the dungeon, and saw 7 of its levels.

You collected 425 gold pieces.

Inventory:

Hand Weapons
 l - a +1 quarterstaff of freezing
Missiles
 r - 2 throwing nets
Armour
 k - a +0 pair of gloves (worn)
Magical Staves
 p - a staff of conjuration (weapon)
 s - a staff of cold
Jewellery
 f - a ring of fire (left hand)
Scrolls
 c - 3 scrolls of teleportation
Potions
 a - 3 potions of magic
 b - a potion of cancellation {unknown}
 d - 3 potions of heal wounds
 e - 2 potions of haste
 g - 3 potions of curing
 j - a potion of invisibility {unknown}
 o - 2 potions of resistance


   Skills:
 + Level 0.9 Fighting
 * Level 2.6 Staves
 - Level 2.6 Dodging
 + Level 3.2 Stealth
 + Level 0.1 Unarmed Combat
 + Level 6.4 Spellcasting
 * Level 7.6 Conjurations
 * Level 2.7 Evocations


You had 16 spell levels left.
You knew the following spells:

 Your Spells              Type           Power      Damage    Failure   Level
a - Magic Dart            Conj           100%       1d8       1%          1
b - Searing Ray           Conj           100%       2d8       1%          2

Your spell library contained the following spells:

 Spells                   Type           Power      Damage    Failure   Level
 Dazzling Flash           Conj/Hex       68%        N/A       6%          3
 Blink                    Tloc           12%        N/A       14%         2
 Scorch                   Fire           20%        2d6       14%         2
 Flame Wave               Conj/Fire      50%        2d12      19%         4
 Fulminant Prism          Conj/Hex       17%        3d11      19%         4
 Iskenderun's Mystic Bla  Conj/Tloc      34%        2d8       19%         4
 Lesser Beckoning         Tloc           6%         N/A       28%         3
 Ozocubu's Armour         Ice            6%         N/A       28%         3
 Manifold Assault         Tloc           6%         N/A       95%         5
 Metabolic Englaciation   Hex/Ice        3%         N/A       95%         5
 Simulacrum               Ice/Necr       3%         N/A       100%        6
 Summon Cactus Giant      Summ           3%         N/A       100%        6


Dungeon Overview and Level Annotations

Branches:
Dungeon (7/15)             Temple (0/1) D:6

Altars:
Cheibriados
Gozag
Kikubaaqudgha
Nemelex Xobeh
Okawaru
Qazlal
Ru
Trog
Vehumet
Wu Jian

Annotations:
D:4 3 runed translucent doors, rikstar's ghost, amateur GrHu
D:7 Pikel


Innate Abilities, Weirdness & Mutations

You can breathe bolts of dispelling energy.
Your rich purple scales are hard. (AC +6)
You cannot fit into any form of body armour.
You are cold-blooded and may be slowed by cold attacks.
You have large cloven feet.
You are covered in fur. (AC +1)


Message History

The searing ray hits the water moccasin!
You kill the water moccasin!
The searing ray hits Pikel!
Pikel is lightly wounded. (Press . to maintain the ray.)
The searing ray hits Pikel but does no damage.
Pikel is lightly wounded.
The searing ray misses Pikel.
The searing ray misses Pikel.
You finish channelling your searing ray.
Pikel hits you but does no damage.
Casting: Searing Ray (safe; 1% risk of failure)
Confirm with . or Enter, or press ? or * to list all spells.
You don't know that spell.
You closely miss Pikel.
Pikel is lightly wounded.
Pikel hits you with a +1 whip of freezing.
Pikel freezes you.
You hit Pikel.
Pikel is moderately wounded.
Pikel hits you but does no damage.
You hit Pikel. Your kick misses Pikel.
Your tail-slap misses Pikel.
Pikel is moderately wounded.
Pikel hits you with a +1 whip of freezing.
You feel yourself slow down. Pikel freezes you.
You hit Pikel but do no damage.
You blast Pikel.
Your kick misses Pikel.
Pikel is moderately wounded.
Pikel hits you with a +1 whip of freezing!
Pikel freezes you.
* * * LOW HITPOINT WARNING * * *
You hit Pikel but do no damage. You kick Pikel.
Pikel is heavily wounded.
You feel yourself speed up.
Pikel says, "Hell isn't that bad."
Pikel hits you with a +1 whip of freezing!
* * * LOW HITPOINT WARNING * * *
Pikel freezes you.
* * * LOW HITPOINT WARNING * * *
Pikel hits you with a +1 whip of freezing!
You die...

###..# ....
...###
#....####
#........
#># ##..
#.# ....
#K# #...
##@# .#...
#..# ......
##.##
#....###
#..#
#...<##
#.##
####..###.#
##.#...#
#......#
#.###..#


You could see Pikel.

Vanquished Creatures
  Menkaure (D:5)
  A water moccasin (D:7)
  A sky beast (D:6)
  An ice beast (D:5)
  A black bear (D:6)
  A phantom (D:6)
  A kobold brigand (D:6)
  A necrophage (D:6)
  2 scorpions
  A howler monkey (D:6)
  2 hounds
  2 jellies
  2 orc priests (D:4)
  2 iguanas
  Natasha (thrice) (D:4)
  A mummy (D:5)
  A gnoll (D:6)
  4 adders
  A shadow imp (D:5)
  3 white imps
  A worm (D:2)
  A dart slug (D:3)
  7 orcs
  4 ball pythons
  5 endoplasms
  2 giant cockroaches (D:2)
  8 hobgoblins
  4 jackals (D:1)
  3 quokkas
  4 bats
  4 frilled lizards
  8 goblins
  12 kobolds
  3 rats
98 creatures vanquished.

Vanquished Creatures (others)
  2 fungi (D:4)
  2 plants (D:4)
4 creatures vanquished.

Grand Total: 102 creatures vanquished

Notes
Turn   | Place    | Note
-------+----------+-------------------------------------------
     0 | D:1      | Barriton the Draconian Conjurer began the quest for the
                  | Orb.
     0 | D:1      | Reached XP level 1. HP: 14/14 MP: 3/3
   284 | D:1      | Reached XP level 2. HP: 20/20 MP: 0/5
   329 | D:1      | Learned a level 2 spell: Searing Ray
  1435 | D:2      | Reached XP level 3. HP: 24/26 MP: 0/6
  1574 | D:2      | Found a stormy altar of Qazlal.
  1774 | D:2      | Found a faded altar of an unknown god.
  2336 | D:3      | Found an ornate altar of the Wu Jian Council.
  3215 | D:4      | Found a sparkling altar of Nemelex Xobeh.
  3229 | D:4      | Found an ancient bone altar of Kikubaaqudgha.
  3275 | D:4      | Reached skill level 5 in Conjurations
  3276 | D:4      | Reached XP level 4. HP: 11/33 MP: 0/8
  3661 | D:4      | Reached XP level 5. HP: 38/38 MP: 3/9
  3730 | D:4      | Noticed Natasha
  3737 | D:4      | Killed Natasha
  3806 | D:4      | Noticed Natasha
  3809 | D:4      | Killed Natasha
  3857 | D:4      | Noticed Natasha
  3861 | D:4      | Killed Natasha
  4130 | D:4      | Found a runed translucent gate.
  4130 | D:4      | Found a runed translucent gate.
  4130 | D:4      | Found a runed translucent gate.
  4130 | D:4      | Noticed rikstar's ghost (amateur GrHu)
  4203 | D:4      | Found a bloodstained altar of Trog.
  4378 | D:5      | Entered Level 5 of the Dungeon
  4463 | D:5      | Reached XP level 6. HP: 37/45 MP: 1/11
  4666 | D:5      | Noticed an ice beast
  4956 | D:5      | Noticed Menkaure
  4960 | D:5      | Killed Menkaure
  4961 | D:5      | Reached skill level 6 in Conjurations
  5002 | D:5      | Found a snail-covered altar of Cheibriados.
  5107 | D:5      | Killed an ice beast
  5108 | D:5      | Your scales start taking on a rich purple colour.
  5108 | D:5      | Reached skill level 5 in Spellcasting
  5108 | D:5      | Reached XP level 7. HP: 19/51 MP: 5/15
  5593 | D:5      | Gained mutation: You are robust. (+10% HP) [potion of
                  | mutation]
  5593 | D:5      | Gained mutation: You possess an exceptional clarity of
                  | mind. [potion of mutation]
  5594 | D:5      | Lost mutation: You are robust. (+10% HP) [potion of
                  | mutation]
  5594 | D:5      | Lost mutation: You possess an exceptional clarity of mind.
                  | [potion of mutation]
  5594 | D:5      | Gained mutation: You have large cloven feet. [potion of
                  | mutation]
  5594 | D:5      | Gained mutation: You are covered in fur. (AC +1) [potion of
                  | mutation]
  5652 | D:6      | Reached skill level 1 in Staves
  5689 | D:6      | Reached skill level 1 in Evocations
  5778 | D:6      | Found a sacrificial altar of Ru.
  6049 | D:6      | Reached skill level 7 in Conjurations
  6303 | D:6      | Found a radiant altar of Vehumet.
  6315 | D:6      | Found a staircase to the Ecumenical Temple.
  6412 | D:6      | Reached XP level 8. HP: 58/58 MP: 9/17
  6415 | D:6      | Found an iron altar of Okawaru.
  6616 | D:7      | Found an opulent altar of Gozag.
  6682 | D:7      | Noticed Pikel
  6697 | D:7      | Slain by Pikel

Illustrated notes

Levels and vault maps discovered:
D:1:      lightli_arrival_maybe_door_vault, layout_loops_ring
D:2:      layout_rooms, basic_altar, chequers_ecumenical_altar_island
D:3:      layout_basic, nicolae_wu_jian_wuxing_cycle
D:4:      layout_rooms, kiku_gazebo_pond_becter, trog_hazing_becter,
          mainiacjoe_overflow_small_starburst, gammafunk_ghost_nasty_kobolds,
          grunt_decor_cap, uniq_natasha
D:5:      cheibrodos_quashed, layout_basic, slow_altar_2, uniq_menkaure
D:6:      layout_rooms, mainiacjoe_overflow_six_doors_small,
          amcnicky_altar_gilded, okawaru_altar_gauntlet_db,
          minmay_temple_entry_poolview
D:7:      layout_rooms, mainiacjoe_overflow_alcove_2,
          ebering_ghost_reflecting_pool, nicolae_ossuary_entry_ruins,
          minmay_manual_macuahuitl, uniq_joseph, uniq_pikel

Skill      XL: |  1  2  3  4  5  6  7 |
---------------+----------------------+-----
Dodging        | 2 |  2.6
Stealth        | 2 3 |  3.2
Conjurations   | 5 6 7 |  7.6
Spellcasting   | 3 5 6 |  6.4
Staves         | 2 |  2.6
Evocations     | 2 |  2.7
Fighting       | |  0.9
Unarmed Combat | |  0.1

Action                   |  1- 3 |  4- 6 |  7- 9 || total
-------------------------+-------+-------+-------++-------
Melee: Unarmed           |    37 |       |       ||    37
       Tailslap          |     2 |     3 |       ||     5
       Quarterstaff      |       |     9 |       ||     9
       Staff             |       |     1 |     6 ||     7
       Kick              |       |       |     2 ||     2
 Cast: Magic Dart        |    88 |    73 |    55 ||   216
       Searing Ray       |     1 |     9 |    10 ||    20
  Use: Scroll            |     8 |       |     7 ||    15
       Potion            |       |       |     3 ||     3
Armor: Skin              |    24 |    13 |    10 ||    47
Dodge: Dodged            |    35 |    39 |    10 ||    84
